PCL
SANTA MONICA BRUINS @ SAN JOSE MISSIONS
09/13/2025
 
TOP OF THE 1ST
Santa Monica Bruins batting - Pitching for San Jose Missions : RHP Tim Lyons
Pitching: RHP Tim Lyons
Batting: RHB Pedro Rosado 0-0: Ball
1-0: Called Strike
1-1: Ball
2-1: Swinging Strike
2-2: Strikes out looking
Batting: RHB Pablo Peña 0-0: Ball
1-0: Ball
2-0: Ball
3-0: Called Strike
3-1: Base on Balls
Batting: LHB Germán Charfauros 0-0: Foul Ball, location: 2F
0-1: Foul Ball, location: 2F
0-2: Foul Ball, location: 2F
0-2: Foul Ball, location: 2F
0-2: Ball
1-2: Fly out, F9 (Flyball, 9D)
Batting: LHB Brent Alonzo 0-0: Ball
1-0: Swinging Strike
1-1: DOUBLE (Groundball, 5D)
Pablo Peña to third
Runner from 3rd tries for Home, SAFE, no throw or cutoff
Batting: RHB Phil Matthews 0-0: Ball
1-0: Fly out, F6 (Line Drive, 6)
Top of the 1st over - 1 run(s), 1 hit(s), 0 error(s), 1 left on base; Santa Monica 1 - San Jose 0
BOTTOM OF THE 1ST
San Jose Missions batting - Pitching for Santa Monica Bruins : RHP Rafael Blanco
Pitching: RHP Rafael Blanco
Batting: LHB Félix García 0-0: Called Strike
0-1: Foul Ball, location: 2F
0-2: Ball
1-2: Fly out, F4 (Popup, 4D)
Batting: RHB Ed Starr 0-0: Ball
1-0: Swinging Strike
1-1: Foul Ball, location: 2F
1-2: Foul Ball, location: 2F
1-2: Ball
2-2: Foul Ball, location: 2F
2-2: Ball
3-2: Fly out, F8 (Flyball, 8LM)
Batting: RHB Goro Tanabe 0-0: Ball
1-0: Foul Ball, location: 2F
1-1: Ball
2-1: Ball
3-1: Ground out 5-3 (Groundball, 56S)
Bottom of the 1st over - 0 run(s), 0 hit(s), 0 error(s), 0 left on base; Santa Monica 1 - San Jose 0
TOP OF THE 2ND
Santa Monica Bruins batting - Pitching for San Jose Missions : RHP Tim Lyons
Batting: RHB Luis Martínez 0-0: Ball
1-0: Called Strike
1-1: Ball
2-1: Foul Ball, location: 2F
2-2: Fly out, F8 (Flyball, 8LD)
Batting: RHB Griswold Coleman 0-0: Ball
1-0: Foul Ball, location: 2F
1-1: Ball
2-1: Ball
3-1: Foul Ball, location: 2F
3-2: SINGLE (Line Drive, 6D)
Batting: RHB Justin Burgess 0-0: Ball
1-0: Foul Ball, location: 2F
1-1: Ball
2-1: Called Strike
2-2: Ball
3-2: Strikes out swinging
Batting: RHB Mark Hosley 0-0: Ball
1-0: Foul Ball, location: 2F
1-1: Ball
2-1: Fielders Choice at 2nd, 6-4 (Groundball, 6)
Top of the 2nd over - 0 run(s), 1 hit(s), 0 error(s), 0 left on base; Santa Monica 1 - San Jose 0
BOTTOM OF THE 2ND
San Jose Missions batting - Pitching for Santa Monica Bruins : RHP Rafael Blanco
Batting: RHB Armando López 0-0: Fly out, F6 (Popup, 5D)
Batting: LHB Arturo Rivera 0-0: Ball
1-0: Ball
2-0: SINGLE (Line Drive, 34)
Batting: RHB Chang-geun Kim 0-0: Ball
1-0: Ball
2-0: Fly out, F8 (Flyball, 8LXD)
Runner from 1st tags up, SAFE at 2nd
Batting: RHB Irwin Duncan 0-0: Called Strike
0-1: Called Strike
0-2: Ball
1-2: 2-RUN HOME RUN (Line Drive, 78XD), Distance : 416 ft
Batting: RHB Bobby Brewster 0-0: Ball
1-0: Called Strike
1-1: Bunt for hit - play at first, batter OUT! 1-3
Bottom of the 2nd over - 2 run(s), 2 hit(s), 0 error(s), 0 left on base; Santa Monica 1 - San Jose 2
TOP OF THE 3RD
Santa Monica Bruins batting - Pitching for San Jose Missions : RHP Tim Lyons
Batting: RHB Pedro Rosado 0-0: Ball
1-0: Ball
2-0: Ball
3-0: SINGLE (Groundball, 4D)
Batting: RHB Pablo Peña 0-0: Ball
1-0: Foul Ball, location: 2F
1-1: Called Strike
1-2: SINGLE (Flyball, 4D)
Pedro Rosado to second
Runner from 2nd tries for 3rd, SAFE, no throw or cutoff
Batting: LHB Germán Charfauros 0-0: Ball
1-0: Called Strike
1-1: Ball
2-1: Fly out, F7 (Popup, 5D)
Batting: LHB Brent Alonzo 0-0: DOUBLE (Line Drive, 9D)
Pedro Rosado scores
Pablo Peña to third
Runner from 3rd tries for Home, SAFE, no throw or cutoff
Batting: RHB Phil Matthews 0-0: Called Strike
0-1: Ball
1-1: Ball
2-1: Ball
3-1: Base on Balls
Batting: RHB Luis Martínez 0-0: Ball
1-0: Ball
2-0: Called Strike
2-1: Ball
3-1: Foul Ball, location: 2F
3-2: Foul Ball, location: 2F
3-2: Grounds into double play, 4-6-3 (Groundball, 4)
Top of the 3rd over - 2 run(s), 3 hit(s), 0 error(s), 1 left on base; Santa Monica 3 - San Jose 2
BOTTOM OF THE 3RD
San Jose Missions batting - Pitching for Santa Monica Bruins : RHP Rafael Blanco
Batting: RHB Elliott Rucker 0-0: Called Strike
0-1: Ball
1-1: Ball
2-1: Fly out, F8 (Flyball, 8LM)
Batting: LHB Félix García 0-0: Ball
1-0: Called Strike
1-1: Swinging Strike
1-2: Foul Ball, location: 2F
1-2: Foul Ball, location: 2F
1-2: Ball
2-2: Fly out, F7 (Flyball, 7M)
Batting: RHB Ed Starr 0-0: Ground out 4-3 (Groundball, 4M)
Bottom of the 3rd over - 0 run(s), 0 hit(s), 0 error(s), 0 left on base; Santa Monica 3 - San Jose 2
TOP OF THE 4TH
Santa Monica Bruins batting - Pitching for San Jose Missions : RHP Tim Lyons
Batting: RHB Griswold Coleman 0-0: Called Strike
0-1: SINGLE (Flyball, 89S)
Batting: RHB Justin Burgess 0-0: Called Strike
0-1: Swinging Strike
0-2: Strikes out swinging
Batting: RHB Mark Hosley 0-0: Called Strike
0-1: Ball
1-1: DOUBLE (Line Drive, 56D)
Griswold Coleman to third
Batting: RHB Pedro Rosado 0-0: Foul Ball, location: 2F
0-1: Ball
1-1: Swinging Strike
1-2: Ball
2-2: Ball
3-2: Foul Ball, location: 2F
3-2: Base on Balls
Batting: RHB Pablo Peña 0-0: Ball
1-0: Foul Ball, location: 2F
1-1: Called Strike
1-2: Foul Ball, location: 2F
1-2: Ball
2-2: Ball
3-2: SINGLE (Flyball, 8LS)
Griswold Coleman scores
Mark Hosley to third
Pedro Rosado to second
Runner from 3rd tries for Home, SAFE, throw made home
Pedro Rosado to third
Pablo Peña to second
Pitching: RHP David Bates
Batting: LHB Germán Charfauros 0-0: Called Strike
0-1: Ball
1-1: Called Strike
1-2: Strikes out swinging
Batting: LHB Brent Alonzo 0-0: Ground out U3 (Groundball, 3)
Top of the 4th over - 2 run(s), 3 hit(s), 0 error(s), 2 left on base; Santa Monica 5 - San Jose 2
BOTTOM OF THE 4TH
San Jose Missions batting - Pitching for Santa Monica Bruins : RHP Rafael Blanco
Batting: RHB Goro Tanabe 0-0: Foul Ball, location: 2F
0-1: Ground out 6-3 (Groundball, 6)
Batting: RHB Armando López 0-0: Called Strike
0-1: Ball
1-1: Ball
2-1: Foul Ball, location: 2F
2-2: Foul Ball, location: 2F
2-2: SINGLE (Line Drive, 9LS)
Batting: LHB Arturo Rivera Pickoff Throw to First - Out!
0-0: Ball
1-0: Ball
2-0: Ball
3-0: Called Strike
3-1: SINGLE (Flyball, 7S)
Batting: RHB Chang-geun Kim 0-0: Ball
1-0: Ball
2-0: Fly out, F7 (Flyball, 78M)
Bottom of the 4th over - 0 run(s), 2 hit(s), 0 error(s), 1 left on base; Santa Monica 5 - San Jose 2
TOP OF THE 5TH
Santa Monica Bruins batting - Pitching for San Jose Missions : RHP David Bates
Batting: RHB Phil Matthews 0-0: Ball
1-0: Fly out, F8 (Flyball, 8LD)
Batting: RHB Luis Martínez 0-0: Called Strike
0-1: Called Strike
0-2: Ball
1-2: Ball
2-2: Strikes out swinging
Batting: RHB Griswold Coleman 0-0: Ball
1-0: Ball
2-0: Ball
3-0: Foul Ball, location: 2F
3-1: Base on Balls
Batting: RHB Justin Burgess 0-0: Ball
1-0: Ball
2-0: SINGLE (Line Drive, 4MD)
Griswold Coleman to second
Runner from 2nd tries for 3rd, SAFE, no throw or cutoff
Batting: RHB Mark Hosley 0-0: Fielders Choice at 2nd, 6-4 (Groundball, 56)
Top of the 5th over - 0 run(s), 1 hit(s), 0 error(s), 1 left on base; Santa Monica 5 - San Jose 2
BOTTOM OF THE 5TH
San Jose Missions batting - Pitching for Santa Monica Bruins : RHP Rafael Blanco
Batting: RHB Irwin Duncan 0-0: Foul Ball, location: 2F
0-1: SINGLE (Flyball, 9LM)
Batting: RHB Bobby Brewster 0-0: Swinging Strike
0-1: Called Strike
0-2: Ball
1-2: Strikes out swinging
Batting: RHB Elliott Rucker 0-0: Called Strike
Irwin Duncan is caught stealing 2nd base
0-1: Called Strike
0-2: Foul Ball, location: 2F
0-2: Strikes out looking
Bottom of the 5th over - 0 run(s), 1 hit(s), 0 error(s), 0 left on base; Santa Monica 5 - San Jose 2
TOP OF THE 6TH
Santa Monica Bruins batting - Pitching for San Jose Missions : RHP David Bates
Batting: RHB Pedro Rosado 0-0: Called Strike
0-1: Ball
1-1: Ball
2-1: Ball
3-1: Foul Ball, location: 2F
3-2: SINGLE (Groundball, 56D)
Batting: RHB Pablo Peña 0-0: Foul Ball, location: 2F
0-1: Ball
1-1: Ball
2-1: Foul Ball, location: 2F
2-2: Strikes out swinging
Batting: LHB Germán Charfauros 0-0: Called Strike
0-1: Ball
1-1: Ball
2-1: Called Strike
2-2: Strikes out swinging
Batting: LHB Brent Alonzo 0-0: Called Strike
0-1: Called Strike
0-2: Fielders Choice at 2nd, U6 (Groundball, 6M)
Top of the 6th over - 0 run(s), 1 hit(s), 0 error(s), 1 left on base; Santa Monica 5 - San Jose 2
BOTTOM OF THE 6TH
San Jose Missions batting - Pitching for Santa Monica Bruins : RHP Rafael Blanco
Batting: LHB Félix García 0-0: Called Strike
0-1: Foul Ball, location: 2F
0-2: Ball
1-2: Ball
2-2: Ball
3-2: Base on Balls
Batting: RHB Ed Starr 0-0: Foul Ball, location: 2F
0-1: Ball
1-1: Ball
2-1: Ball
3-1: Foul Ball, location: 2F
3-2: Fly out, F8 (Flyball, 78M)
Batting: RHB Goro Tanabe 0-0: Ball
Félix García steals 2nd base
1-0: Ball
2-0: Called Strike
2-1: SINGLE (Line Drive, 7LS)
Félix García to third
Pitching: RHP Cedric Sherston
Batting: RHB Armando López 0-0: Fly out, F3 (Popup, 23F)
Batting: LHB Arturo Rivera 0-0: Ball
1-0: Ball
2-0: Ball
3-0: Base on Balls
Goro Tanabe to second
Batting: RHB Chang-geun Kim 0-0: Ball
1-0: Ball
2-0: SINGLE (Line Drive, 89S)
Félix García scores
Goro Tanabe to third
Arturo Rivera to second
Runner from 3rd tries for Home, SAFE, no throw or cutoff
Batting: RHB Irwin Duncan 0-0: SINGLE (Groundball, 13) (infield hit)
Arturo Rivera to third
Chang-geun Kim to second
Batting: RHB Bobby Brewster 0-0: Ball
1-0: Called Strike
1-1: Fly out, F9 (Flyball, 9M)
Bottom of the 6th over - 2 run(s), 3 hit(s), 0 error(s), 3 left on base; Santa Monica 5 - San Jose 4
TOP OF THE 7TH
Santa Monica Bruins batting - Pitching for San Jose Missions : RHP David Bates
Pitching: RHP José Reyes
Batting: RHB Phil Matthews 0-0: Foul Ball, location: 2F
0-1: Called Strike
0-2: Ground out 6-3 (Groundball, 6)
Batting: RHB Luis Martínez 0-0: Ball
1-0: Swinging Strike
1-1: Ball
2-1: Foul Ball, location: 2F
2-2: Ball
3-2: Fly out, F6 (Popup, 6M)
Batting: RHB Griswold Coleman 0-0: Called Strike
0-1: Ball
1-1: Ball
2-1: Foul Ball, location: 2F
2-2: Ball
3-2: Strikes out swinging
Top of the 7th over - 0 run(s), 0 hit(s), 0 error(s), 0 left on base; Santa Monica 5 - San Jose 4
BOTTOM OF THE 7TH
San Jose Missions batting - Pitching for Santa Monica Bruins : RHP Cedric Sherston
Now in CF: Francisco Castillo
Batting: RHB Elliott Rucker 0-0: Called Strike
0-1: Ball
1-1: Fly out, F6 (Popup, 15)
Batting: LHB Félix García 0-0: Ball
1-0: Ball
2-0: Ball
3-0: Called Strike
3-1: Fly out, F8 (Flyball, 89XD)
Batting: RHB Ed Starr 0-0: Ball
1-0: Called Strike
1-1: Ball
2-1: Foul Ball, location: 2F
2-2: Ball
3-2: Foul Ball, location: 2F
3-2: Fly out, F1 (Line Drive, 13)
Bottom of the 7th over - 0 run(s), 0 hit(s), 0 error(s), 0 left on base; Santa Monica 5 - San Jose 4
TOP OF THE 8TH
Santa Monica Bruins batting - Pitching for San Jose Missions : RHP José Reyes
Batting: RHB Justin Burgess 0-0: Ball
1-0: Ball
2-0: Foul Ball, location: 2F
2-1: Swinging Strike
2-2: Foul Ball, location: 2F
2-2: Strikes out swinging
Batting: RHB Mark Hosley 0-0: Ball
1-0: Fly out, F7 (Flyball, 7S)
Batting: RHB Pedro Rosado 0-0: Ball
1-0: Foul Ball, location: 2F
1-1: Ball
2-1: Swinging Strike
2-2: Strikes out swinging
Top of the 8th over - 0 run(s), 0 hit(s), 0 error(s), 0 left on base; Santa Monica 5 - San Jose 4
BOTTOM OF THE 8TH
San Jose Missions batting - Pitching for Santa Monica Bruins : RHP Cedric Sherston
Pitching: RHP Manuel López
Batting: RHB Goro Tanabe 0-0: Ball
1-0: Fly out, F3 (Popup, 3SF)
Batting: RHB Armando López 0-0: Called Strike
0-1: Ball
1-1: Ball
2-1: Ball
3-1: Swinging Strike
3-2: Strikes out swinging
Pitching: LHP Júlio Castillo
Batting: LHB Arturo Rivera 0-0: Foul Ball, location: 2F
0-1: Swinging Strike
0-2: Ball
1-2: Ball
2-2: Ball
3-2: Base on Balls
Pitching: RHP Mark Ross
Batting: RHB Chang-geun Kim 0-0: Ball
1-0: SINGLE (Groundball, 5L)
Arturo Rivera to second
Pinch Hitting: LHB Miguel Montés 0-0: Ground out 3-1 (Groundball, 34)
Bottom of the 8th over - 0 run(s), 1 hit(s), 0 error(s), 2 left on base; Santa Monica 5 - San Jose 4
TOP OF THE 9TH
Santa Monica Bruins batting - Pitching for San Jose Missions : RHP José Reyes
Pitching: RHP Fernando Llama
Now in LF: Miguel Montés
Batting: RHB Pablo Peña 0-0: Called Strike
0-1: Called Strike
0-2: Ball
1-2: Ball
2-2: Ball
3-2: Strikes out looking
Batting: LHB Germán Charfauros 0-0: Foul Ball, location: 2F
0-1: Ball
1-1: Ground out 6-3 (Groundball, 6)
Batting: LHB Brent Alonzo 0-0: Ball
1-0: Called Strike
1-1: Foul Ball, location: 2F
1-2: Ball
2-2: SINGLE (Line Drive, 78S)
Pinch Hitting: LHB Noriaki Sangi 0-0: Ball
1-0: Ball
2-0: Ball
3-0: Base on Balls
Brent Alonzo to second
Pinch Hitting: LHB Jeffrey Bascombe 0-0: SINGLE (Groundball, 56D)
Brent Alonzo to third
Noriaki Sangi to second
Runner from 3rd tries for Home, SAFE, no throw or cutoff
Batting: RHB Griswold Coleman 0-0: Ball
1-0: Foul Ball, location: 2F
1-1: Ball
2-1: Ball
3-1: Base on Balls
Noriaki Sangi to third
Jeffrey Bascombe to second
Pinch Hitting: RHB Danny Crouch 0-0: Ball
1-0: Swinging Strike
1-1: Called Strike
1-2: Strikes out swinging
Top of the 9th over - 1 run(s), 2 hit(s), 0 error(s), 3 left on base; Santa Monica 6 - San Jose 4
BOTTOM OF THE 9TH
San Jose Missions batting - Pitching for Santa Monica Bruins : RHP Mark Ross
Pitching: RHP Ron Henningar
Now at 1B: Noriaki Sangi
Now at 3B: Danny Crouch
Now in CF: Alonso Sánchez
Batting: RHB Bobby Brewster 0-0: Called Strike
0-1: Ball
1-1: Ball
2-1: Ball
3-1: Foul Ball, location: 2F
3-2: Base on Balls
Pinch Runner at 1st Peyton Pennington:
Pinch Hitting: RHB Dave Wookey 0-0: Called Strike
0-1: Ground out 5-3 (Groundball, 15S)
Peyton Pennington to second
Batting: LHB Félix García 0-0: Called Strike
0-1: Ball
1-1: Ball
2-1: Foul Ball, location: 2F
2-2: Fly out, F6 (Popup, 13)
Batting: RHB Ed Starr 0-0: Ball
1-0: Fly out, F9 (Flyball, 9M)
Bottom of the 9th over - 0 run(s), 0 hit(s), 0 error(s), 1 left on base; Santa Monica 6 - San Jose 4
This league is powered by Out of the Park Baseball, the baseball management simulation game for PC, Mac and Linux
Tuesday, August 2nd, 2016 - OOTP Baseball 16.8 Build 38